Map: Ever Dream LE

Players

FLORENCIO - Winner!

  • Race: Zerg Zerg
  • League: Diamond
  • Spawn Location: 1:00

담배한모금

  • Race: Zerg Zerg
  • League: Diamond
  • Spawn Location: 7:00

VOD

Have the link to the VOD?

Description

Time

  • Played on: June 4, 2020, 10:03 p.m.
  • Length: 8:54
Show
View Real Time Build Order
Export as new Build Order

FLORENCIO Zerg - Winner!

Build Orders: Hatch First 

Get SALT Encoding   

  12  0:01  Drone  
  13  0:09  Drone  
  14  0:18  Overlord  
  14  0:31  Extractor  
  13  0:49  Hatchery  
  13  1:03  Spawning Pool  
  12  1:07  Drone  
  12  1:11  Drone  
  14  1:15  Drone  
  15  1:20  Drone  
  16  1:35  Drone  
  17  1:50  Overlord  
  17  1:54  Spine Crawler  
  17  2:01  Drone  
  17  2:04  Queen  
  19  2:12  Drone  
  19  2:15  Overlord  
  20  2:20  Spine Crawler  
  19  2:23  Drone  
  20  2:31  Spine Crawler  
  20  2:34  Drone  
  20  2:40  Queen  
  20  2:41  Spine Crawler  
  21  2:49  Drone  
  21  2:50  Spine Crawler  
  21  2:55  Drone  
  23  3:05  Drone  
  23  3:06  Spine Crawler  
  22  3:13  Spine Crawler  
  21  3:28  Spine Crawler  
  21  3:30  Drone x3  
  23  3:45  Drone  
  24  3:52  Spine Crawler  
  24  3:54  Spine Crawler  
  22  4:05  Spine Crawler  
  22  4:07  Spine Crawler  
  22  4:16  Drone x2  
  26  4:17  Drone x2  
  22  4:29  Spine Crawler  
  21  4:35  Spine Crawler  
  21  4:36  Queen  
  23  4:42  Spine Crawler  
  23  4:44  Spine Crawler  
  22  4:48  Zergling x4  
  22  4:51  Spine Crawler  
  23  5:05  Zergling x2  
  23  5:06  Zergling x2  
  25  5:11  Queen  
  27  5:18  Spine Crawler x2  
  23  5:29  Spine Crawler, Zergling x2  
  21  5:48  Zergling x2  
  22  5:56  Queen  
  23  5:57  Zergling x4  
  25  6:14  Spine Crawler  
  24  6:21  Spine Crawler  
  24  6:22  Spine Crawler  
  24  6:24  Spine Crawler  
  21  6:32  Queen  
  23  6:36  Zergling x6  
  23  6:38  Zergling x2  
  23  6:39  Zergling x2  
  28  6:51  Zergling x4  
  30  7:02  Zergling x2  
  26  7:36  Zergling x6  
Show
View Real Time Build Order
Export as new Build Order

담배한모금 Zerg 

Build Orders: Hatch First 

Get SALT Encoding   

  12  0:01  Drone  
  13  0:12  Overlord  
  13  0:16  Drone  
  14  0:31  Drone x2  
  16  0:42  Drone  
  17  0:52  Hatchery  
  17  0:55  Drone  
  17  0:57  Drone  
  18  1:12  Extractor  
  18  1:13  Spawning Pool  
  16  1:20  Drone  
  16  1:21  Drone  
  18  1:31  Drone  
  19  1:41  Overlord  
  19  2:01  Queen  
  19  2:03  Zergling x4  
  19  2:04  Queen  
  19  2:05  Zergling x2  
  26  2:13  Metabolic Boost  
  26  2:16  Drone  
  26  2:17  Drone  
  28  2:23  Drone  
  29  2:30  Drone  
  29  2:34  Spine Crawler  
  29  2:36  Drone  
  30  2:37  Drone  
  30  2:41  Queen  
  33  2:52  Overlord  
  33  2:53  Overlord  
  33  3:00  Drone  
  33  3:01  Drone  
  35  3:06  Drone  
  36  3:30  Zergling x4  
  36  3:31  Zergling x2  
  39  3:43  Spine Crawler  
  37  3:48  Spine Crawler  
  37  3:49  Zergling x12  
  37  3:53  Queen  
  42  4:16  Spawning Pool  
  27  4:51  Extractor  
  26  4:53  Extractor  
  26  4:56  Drone x3  
  28  5:04  Hatchery  
  27  5:08  Queen  
  29  5:27  Zergling x4  
  31  5:35  Zergling x4  
  32  5:36  Zergling x2  
  31  5:50  Zergling x2  
  31  5:51  Zergling x2  
  31  6:00  Zergling x6  
  28  6:14  Drone x2  
  30  6:22  Queen  
  32  6:30  Drone x2  
  32  6:31  Roach Warren  
  31  6:42  Zergling x2  
  31  6:43  Hatchery  
  31  6:49  Drone, Extractor  
  31  7:11  Roach  
  31  7:12  Roach  
  31  7:15  Spawning Pool  
  34  7:28  Roach  
  33  7:33  Roach  
  33  7:34  Roach  
  33  7:35  Overlord  
  25  7:59  Roach  
  25  8:00  Roach x3  
  25  8:05  Zergling x2  
  23  8:06  Zergling x6  
Tags
 
Add a new tag
Caveats
  • Supply blocks, unpowered buildings, or Contaminate may cause inaccurate times.
  • Supply counts are checked every 10 seconds.